 Dungeon Crawl Stone Soup version 0.24.0-125-gc4c63601f3 (webtiles) character file.

Game seed: 13925260250350991230, levelgen mode: deterministic

4276 Gynju the Arsonist (level 10, 0/50 HPs)
             Began as a Deep Elf Fire Elementalist on Feb 23, 2020.
             Was a Believer of Vehumet.
             Slain by a two-headed ogre
             ... wielding a +0 giant spiked club
              (13 damage)
             ... on level 8 of the Dungeon.
             The game lasted 00:45:14 (12538 turns).

Gynju the Arsonist (Deep Elf Fire Elementalist)    Turns: 12538, Time: 00:45:15

Health: 0/50       AC:  7    Str:  5    XL:     10   Next: 10%
Magic:  15/22      EV: 15    Int: 24    God:    Vehumet [**....]
Gold:   500        SH:  0    Dex: 15    Spells: 11/23 levels left

rFire    . . .     SeeInvis .   d - +1 whip (flame)
rCold    . . .     Gourm    .   (no shield)
rNeg     . . .     Faith    .   q - +0 leather armour {rPois}
rPois    +         Spirit   .   j - +1 helmet
rElec    .         Reflect  .   (no cloak)
rCorr    .         Harm     .   m - +0 pair of gloves
MR       +....                  z - +0 pair of boots
Stlth    +++.......             (no amulet)
HPRegen  0.16/turn              (no ring)
MPRegen  0.18/turn              (no ring)

@: very slightly contaminated
A: no striking features
a: Renounce Religion


You were on level 8 of the Dungeon.
You worshipped Vehumet.
Vehumet was pleased with you.
You were hungry.

You visited 2 branches of the dungeon, and saw 9 of its levels.

You collected 500 gold pieces.

Inventory:

Hand Weapons
 d - a +1 whip of flaming (weapon)
 i - a +1 long sword
Missiles
 e - 99 stones (quivered)
Armour
 j - a +1 helmet (worn)
 m - a +0 pair of gloves (worn)
 q - a +0 leather armour of poison resistance (worn)
 z - a +0 pair of boots (worn)
Jewellery
 a - the amulet of the Solstice {Harm *Contam *Drain rF++ Int+3}
   (You found it on level 4 of the Dungeon)

   [amulet of harm]

   It increases damage dealt and taken.
   It affects your intelligence (+3).
   It greatly protects you from fire.
   It causes magical contamination when unequipped.
   It causes draining when unequipped.
Wands
 n - a wand of digging (6)
 v - a wand of polymorph (6)
 x - a wand of acid (9)
Scrolls
 b - a scroll of identify {@r1}
 f - 2 scrolls of amnesia {unknown}
 g - 3 scrolls of teleportation
 h - 4 scrolls of remove curse {@r2}
 s - a scroll of silence {unknown}
 t - a scroll of immolation
 u - 2 scrolls of fog {unknown}
 y - a scroll of enchant armour {unknown}
 A - a scroll of magic mapping {unknown}
 B - a scroll of brand weapon {unknown}
Potions
 k - 2 potions of flight
 l - a potion of ambrosia
 o - 2 potions of heal wounds
 p - a potion of cancellation
 r - a potion of mutation
Comestibles
 c - 17 rations
 w - 4 chunks of flesh


   Skills:
 + Level 0.0 Fighting
 + Level 6.4 Dodging
 - Level 5.0 Stealth
 - Level 7.1 Spellcasting
 + Level 9.8 Conjurations
 - Level 10.0 Fire Magic


You had 11 spell levels left.
You knew the following spells:

 Your Spells              Type           Power        Failure   Level  Hunger
a - Flame Tongue          Conj/Fire      #####        1%          1    None
b - Conjure Flame         Conj/Fire      ######..     1%          3    None
c - Sticky Flame          Conj/Fire      ######..     1%          4    ###....
d - Shock                 Conj/Air       ####         1%          1    None
e - Mephitic Cloud        Conj/Pois/Air  ###.....     10%         3    None

Your spell library contained the following spells:

 Spells                   Type           Power        Failure   Level  Hunger
 Throw Flame              Conj/Fire      ######       1%          2    None
 Inner Flame              Hex/Fire       ####....     4%          3    None
 Stone Arrow              Conj/Erth      ####..       4%          3    None
 Fireball                 Conj/Fire      ######....   5%          5    #####..
 Sandblast                Erth           #.....       12%         1    None
 Passwall                 Tmut/Erth      #.......     19%         2    None
 Petrify                  Tmut/Erth      #.......     75%         4    ###....
 Lee's Rapid Deconstruct  Erth           #.........   97%         5    #####..


Dungeon Overview and Level Annotations

Branches:
Dungeon (8/15)             Temple (1/1) D:5
   Lair: D:8-11

Altars:
Ashenzari
Cheibriados
Dithmenos
Gozag
Kikubaaqudgha
Makhleb
Okawaru
Qazlal
Ru
Sif Muna
Trog
Uskayaw
Vehumet
Yredelemnul
Zin

Annotations:
D:8 exclusion: 2 orc wizards


Message History

The two-headed ogre hits you but does no damage.
Casting: Flame Tongue (safe; 1% risk of failure)
Confirm with . or Enter, or press ? or * to list all spells.
Aiming: Flame Tongue (safe; 1% risk of failure)
Press: ? - help, Shift-Dir - straight line, f/p - two-headed ogre
Aim: a two-headed ogre, wielding a +0 giant spiked club and a +0 giant club (severely wounded)
The flame tongue hits the two-headed ogre but does no damage.
The two-headed ogre is severely wounded.
Casting: Flame Tongue (safe; 1% risk of failure)
Confirm with . or Enter, or press ? or * to list all spells.
Aiming: Flame Tongue (safe; 1% risk of failure)
Press: ? - help, Shift-Dir - straight line, f/p - two-headed ogre
Aim: a two-headed ogre, wielding a +0 giant spiked club and a +0 giant club (severely wounded)
You miscast Flame Tongue.
You are very lightly contaminated with residual magic.
Nothing appears to happen.
The two-headed ogre hits you with a +0 giant spiked club!
* * * LOW HITPOINT WARNING * * *
The two-headed ogre hits you with a +0 giant club!
You die...

.##.#...#####.###.....#
.'.÷..................$
.##.#...#####.........#
###.##.## #.###.##..# #
#.#### #.# .# # #....#
#.# .# ####.# #.# .#
#.# #.###.###.# #.#
#...@.....# ######.#
#####O##### #......# §#
#.###### .# #.# .# ..#
.. ### ##


You could see a two-headed ogre.

Vanquished Creatures
  Pikel (D:4)
  Grinder (D:6)
  A hippogriff (D:7)
  Menkaure (D:5)
  A water moccasin (D:6)
  Duvessa (D:5)
  A sky beast (D:5)
  3 ice beasts
  3 ogres
  3 phantoms
  4 centaurs
  4 bullfrogs
  Dowan (D:5)
  2 scorpions
  5 killer bees (D:7)
  4 crimson imps
  2 centaur zombies
  3 hounds
  4 orc priests
  2 bullfrog skeletons
  An iguana (D:8)
  5 worker ants
  8 orc wizards
  2 hound zombies (D:7)
  A hound skeleton (D:5)
  A howler monkey zombie (D:6)
  17 gnolls
  13 adders
  An ooze (D:3)
  4 adder skeletons
  2 worms (D:2)
  3 dart slugs
  6 leopard geckos
  35 orcs
  8 bats
  5 giant cockroaches
  9 goblins
  6 hobgoblins
  16 jackals
  7 kobolds (D:1)
  A quokka (D:3)
  3 ball pythons
  9 frilled lizards
  A leopard gecko skeleton (D:4)
  2 quokka skeletons
  6 rats
219 creatures vanquished.

Notes
Turn   | Place    | Note
-------+----------+-------------------------------------------
     0 | D:1      | Gynju the Deep Elf Fire Elementalist began the quest for
                  | the Orb.
     0 | D:1      | Reached XP level 1. HP: 10/10 MP: 6/6
   193 | D:1      | Reached XP level 2. HP: 15/15 MP: 5/8
   607 | D:1      | Reached XP level 3. HP: 19/19 MP: 6/10
  1726 | D:2      | Reached XP level 4. HP: 24/24 MP: 8/12
  2201 | D:3      | Reached skill level 5 in Spellcasting
  2369 | D:3      | Found an opulent altar of Gozag.
  2764 | D:3      | Reached skill level 5 in Stealth
  2764 | D:3      | Reached XP level 5. HP: 28/28 MP: 7/14
  2858 | D:3      | Found a faded altar of an unknown god.
  4119 | D:3      | Learned a level 3 spell: Conjure Flame
  4124 | D:3      | Learned a level 4 spell: Sticky Flame
  4138 | D:4      | Reached XP level 6. HP: 24/32 MP: 9/18
  4392 | D:4      | Got a transparent brass amulet
  4401 | D:4      | Identified the amulet of the Solstice {Harm *Contam *Drain
                  | rF++ Int+3} (You found it on level 4 of the Dungeon)
  4442 | D:4      | Found a bloodstained altar of Trog.
  4738 | D:4      | Reached skill level 4 in Fire Magic
  5428 | D:4      | Noticed Pikel
  5429 | D:4      | Noticed a slave
  5430 | D:4      | Noticed a slave
  5432 | D:4      | Noticed a slave
  5433 | D:4      | Noticed a slave
  5444 | D:4      | Killed Pikel
  5444 | D:4      | Reached skill level 5 in Conjurations
  5444 | D:4      | Reached skill level 6 in Fire Magic
  5444 | D:4      | Reached XP level 7. HP: 36/36 MP: 5/19
  5582 | D:4      | Found a shimmering blue altar of Sif Muna.
  5584 | D:4      | Found a stormy altar of Qazlal.
  5587 | D:4      | Found a shadowy altar of Dithmenos.
  5587 | D:4      | Found a shattered altar of Ashenzari.
  5676 | D:5      | Entered Level 5 of the Dungeon
  5676 | D:5      | Noticed Duvessa
  5713 | D:5      | Noticed Menkaure
  5856 | D:5      | Found a staircase to the Ecumenical Temple.
  5864 | Temple   | Entered the Ecumenical Temple
  5876 | Temple   | Became a worshipper of Vehumet
  6062 | D:5      | Found an ancient bone altar of Kikubaaqudgha.
  6362 | D:5      | Killed Menkaure
  6362 | D:5      | Reached XP level 8. HP: 17/41 MP: 14/20
  6960 | D:5      | Reached skill level 7 in Fire Magic
  7066 | D:5      | Noticed Dowan
  7610 | D:5      | Killed Duvessa
  7617 | D:5      | Killed Dowan
  8380 | D:6      | Reached skill level 8 in Fire Magic
  8445 | D:6      | Noticed Grinder
  8621 | D:6      | Reached * piety under Vehumet
  8621 | D:6      | Offered knowledge of Shock by Vehumet.
  8624 | D:6      | Learned a level 1 spell: Shock
  9060 | D:6      | Reached XP level 9. HP: 45/45 MP: 14/21
  9307 | D:6      | Found an opulent altar of Gozag.
  9549 | D:6      | Reached skill level 9 in Fire Magic
  9913 | D:6      | Killed Grinder
 10820 | D:7      | Offered knowledge of Searing Ray by Vehumet.
 10820 | D:7      | Reached skill level 5 in Dodging
 11088 | D:7      | Reached ** piety under Vehumet
 11727 | D:7      | Reached skill level 10 in Fire Magic
 11902 | D:8      | Reached XP level 10. HP: 47/50 MP: 18/22
 12032 | D:8      | Found a hide-covered altar of Uskayaw.
 12489 | D:8      | Offered knowledge of Mephitic Cloud by Vehumet.
 12494 | D:8      | Learned a level 3 spell: Mephitic Cloud
 12532 | D:8      | Noticed a two-headed ogre
 12538 | D:8      | Slain by a two-headed ogre

Levels and vault maps discovered:
D:1:      mrwooster_arrival_statue, layout_basic, minmay_misc_feat_rugged
D:2:      layout_rooms
D:3:      layout_basic, lemuel_crystal_altar, chequers_ecumenical_altar_simple
D:4:      layout_rooms, grunt_temple_overflow_open, bloody_trog, uniq_pikel
D:5:      layout_loops_ring, minmay_temple_entry_mist, first_ration,
          basic_altar, uniq_menkaure, uniq_duvessa
D:6:      layout_basic, nicolae_gozag_seed_capital, uniq_grinder
D:7:      layout_basic
D:8:      layout_loops_corners, old_standard_altar, uniq_psyche
Temple:   eino_temple_rhombus

Skill      XL: |  1  2  3  4  5  6  7  8  9 |
---------------+----------------------------+-----
Stealth        | 3 4 5 |  5.0
Spellcasting   | 4 5 7 |  7.1
Conjurations   | 5 7 9 |  9.8
Fire Magic     | 6 8 10 | 10.0
Dodging        | 6 |  6.4

Action                   |  1- 3 |  4- 6 |  7- 9 | 10-12 || total
-------------------------+-------+-------+-------+-------++-------
Melee: Spear             |     6 |       |       |       ||     6
       Long sword        |       |     6 |       |       ||     6
       Whip              |       |       |    99 |       ||    99
Throw: Stone             |     2 |     4 |    24 |     3 ||    33
 Cast: Flame Tongue      |    84 |   156 |   333 |    46 ||   619
       Conjure Flame     |       |     1 |     9 |     1 ||    11
       Shock             |       |       |    17 |     8 ||    25
       Sticky Flame      |       |       |     1 |       ||     1
  Use: Scroll            |       |     9 |     4 |       ||    13
  Eat: Chunk             |     2 |     9 |    14 |     3 ||    28
       Ration            |       |     1 |     1 |       ||     2
Armor: Robe              |     6 |       |       |       ||     6
       Leather armour    |     1 |    25 |    76 |     2 ||   104
Dodge: Dodged            |    20 |    46 |   153 |    20 ||   239
       Rpst.: Long sword |       |    15 |       |       ||    15
